 Dungeon Crawl Stone Soup version 0.22.0-18-ge075c0d (webtiles) character file.

362 Lauz the Slasher (level 6, -1/84 HPs)
             Began as a Minotaur Berserker on Aug 18, 2018.
             Was a Priest of Trog.
             Slain by a gnoll
             ... wielding a +0 whip
              (4 damage)
             ... on level 3 of the Dungeon.
             The game lasted 00:06:04 (2630 turns).

Lauz the Slasher (Minotaur Berserker)               Turns: 2630, Time: 00:06:05

Health: -1/84      AC:  2    Str: 29    XL:     6   Next: 39%
Magic:  5/5        EV: 12    Int:  4    God:    Trog [***...]
Gold:   145        SH:  0    Dex:  9    Spells: 5/5 levels left

rFire    . . .     SeeInvis .   a - +0 falchion
rCold    . . .     Gourm    .   (no shield)
rNeg     . . .     Faith    .   b - +0 animal skin
rPois    .         Spirit   .   (helmet restricted)
rElec    .         Reflect  .   (no cloak)
rCorr    .         Harm     .   (no gloves)
MR       .....                  (no boots)
Stlth    ..........             (no amulet)
HPRegen  0.24/turn              (no ring)
MPRegen  0.09/turn              (no ring)

@: berserking, very quick
A: retaliatory headbutt, horns 2
a: Berserk, Trog's Hand, Renounce Religion


You were on level 3 of the Dungeon.
You worshipped Trog.
Trog was most pleased with you.
You were not hungry.

You visited 1 branch of the dungeon, and saw 3 of its levels.

You collected 145 gold pieces.

Inventory:

Hand Weapons
 a - a +0 falchion (weapon)
Armour
 b - a +0 animal skin (worn)
 g - a +4 scale mail
 j - a +1 chain mail of magic resistance
 l - a +2 buckler
Jewellery
 n - an uncursed amulet of magic regeneration {unknown}
Scrolls
 d - a scroll of immolation {unknown}
 e - 2 scrolls of magic mapping {unknown}
 h - 2 scrolls of fog {unknown}
 i - a scroll of enchant armour {unknown}
 k - a scroll of identify {unknown}
 m - a scroll of teleportation {unknown}
Potions
 f - 2 potions of curing {unknown}
Comestibles
 c - 6 rations
 o - a chunk of flesh


   Skills:
 + Level 5.3 Fighting
 * Level 7.7 Long Blades
 - Level 2.4 Armour
 - Level 2.1 Dodging


You had 5 spell levels left.
You didn't know any spells.
Your spell library was empty.

Dungeon Overview and Level Annotations

Branches:
Dungeon (3/15)

Altars:


Innate Abilities, Weirdness & Mutations

You reflexively headbutt those who attack you in melee.
You have a pair of horns on your head.


Message History

You slash the gnoll shaman! You headbutt the gnoll shaman!
The gnoll shaman is almost dead.
The gnoll closely misses you. The gnoll shaman closely misses you.
You riposte.
You slash the gnoll shaman!
You kill the gnoll shaman!
Trog accepts your kill. The gnoll barely misses you.
The gnoll closely misses you.
You riposte.
You closely miss the gnoll. You headbutt the gnoll!
You kill the gnoll!
Trog accepts your kill.
Things that are here:
a club; a robe You feel a strong urge to attack something.
The gnoll misses you. You furiously retaliate!
You headbutt the gnoll!
Things that are here:
a halberd; a gnoll corpse You hit the gnoll but do no damage.
The gnoll hits you with a halberd.
* * * LOW HITPOINT WARNING * * *
The gnoll completely misses you. The gnoll hits you with a whip.
You die...

....... ......#
#.#### .♣.♣.#... # #
........ ## ..#
....... #. ....###
..... . #.
.......##..##... .#.
#[
........g........).
#. #...g@))# #...# #.
#.#..g#%# #...# #.
#...#.# #...# ##
#...#.#####...######
##.#................
.....................
###.#................
#.#.######...###### #
#. #...#


You could see 3 gnolls.

Vanquished Creatures
  Sigmund (D:3)
  An orc priest (D:3)
  A gnoll shaman (D:3)
  2 gnolls (D:3)
  4 adders
  An ooze (D:1)
  A worm (D:2)
  2 dart slugs
  2 leopard geckos (D:1)
  8 orcs
  8 bats
  5 giant cockroaches
  10 hobgoblins
  7 kobolds
  3 ball pythons
  6 frilled lizards
  7 goblins
  7 rats
76 creatures vanquished.

Notes
Turn   | Place    | Note
-------+----------+-------------------------------------------
     0 | D:1      | Lauz the Minotaur Berserker began the quest for the Orb.
     0 | D:1      | Reached XP level 1. HP: 19/19 MP: 0/0
    69 | D:1      | Reached skill level 4 in Long Blades
    98 | D:1      | Reached XP level 2. HP: 18/27 MP: 1/1
   400 | D:1      | Reached ** piety under Trog
   548 | D:1      | Reached XP level 3. HP: 26/33 MP: 2/2
  1029 | D:2      | Reached skill level 5 in Long Blades
  1331 | D:2      | Reached XP level 4. HP: 28/41 MP: 3/3
  1840 | D:3      | Reached *** piety under Trog
  1958 | D:3      | Reached skill level 6 in Long Blades
  1959 | D:3      | Reached XP level 5. HP: 18/47 MP: 4/4
  2290 | D:3      | Noticed Sigmund
  2305 | D:3      | Killed Sigmund
  2305 | D:3      | Reached skill level 5 in Fighting
  2305 | D:3      | Reached skill level 7 in Long Blades
  2305 | D:3      | Reached XP level 6. HP: 19/56 MP: 5/5
  2630 | D:3      | HP: 3/84 [gnoll/halberd (4)]
  2630 | D:3      | Slain by a gnoll

Skill      XL: |  1  2  3  4  5 |
---------------+----------------+-----
Long Blades    | 4 5 6 7 |  7.7
Fighting       | 4 5 |  5.3
Armour         | |  2.4
Dodging        | |  2.1

Action                   |  1- 3 |  4- 6 || total
-------------------------+-------+-------++-------
Melee: Falchion          |    79 |    82 ||   161
       Headbutt          |    10 |    12 ||    22
Invok: Berserk           |       |     3 ||     3
  Eat: Chunk             |       |     8 ||     8
Armor: Animal skin       |    20 |    10 ||    30
Dodge: Dodged            |    56 |    62 ||   118
       Rpst.: Falchion   |    16 |    14 ||    30
